Map: Odyssey LE

Players

RiSky

  • Race: Zerg Zerg
  • Spawn Location: 5:00

SortOf - Winner!

  • Race: Zerg Zerg
  • Spawn Location: 11:00

Event: WCS Valencia 2017

VOD

Have the link to the VOD?

Description

Time

  • Played on: July 13, 2017, 9:39 a.m.
  • Length: 3:24

All games in this series

Show
View Real Time Build Order
Export as new Build Order

RiSky Zerg 

Build Orders: Pool Only 

Get SALT Encoding   

  12  0:00  Drone  
  13  0:14  Extractor  
  12  0:24  Spawning Pool  
  12  0:28  Drone  
  12  0:32  Drone  
  13  0:36  Drone  
  14  0:49  Overlord  
  14  1:10  Queen  
  14  1:11  Zergling x2  
  17  1:17  Metabolic Boost  
  17  1:22  Zergling x2  
  18  1:26  Zergling x2  
  18  1:30  Zergling x2  
  20  1:34  Zergling x2  
  21  1:43  Baneling Nest  
  20  1:48  Zergling x2  
  21  1:59  Overlord  
  21  2:07  Zergling x2  
  22  2:18  Zergling x6  
  22  2:21  Zergling x2  
  26  2:27  Baneling x2  
  26  2:33  Zergling x2  
  27  2:48  Zergling x2  
  25  2:52  Zergling x6  
  25  2:55  Zergling x2  
  26  2:59  Baneling  
Show
View Real Time Build Order
Export as new Build Order

SortOf Zerg - Winner!

Build Orders: Hatch First 

Get SALT Encoding   

  12  0:00  Drone  
  13  0:12  Overlord  
  13  0:16  Drone  
  14  0:30  Drone  
  14  0:31  Drone  
  14  0:34  Drone  
  17  0:52  Hatchery  
  17  0:55  Drone  
  17  0:57  Drone  
  18  1:09  Extractor  
  17  1:13  Spawning Pool  
  17  1:15  Drone  
  17  1:19  Drone  
  18  1:28  Drone  
  19  1:38  Overlord  
  19  2:00  Queen, Zergling x4  
  23  2:04  Queen  
  23  2:05  Zergling x2  
  26  2:10  Baneling Nest  
  26  2:11  Zergling x2  
  26  2:16  Spine Crawler  
  26  2:19  Zergling x2  
  26  2:23  Zergling x2  
  27  2:32  Zergling x2  
  28  2:40  Zergling x2  
  29  2:50  Zergling x2  
  29  2:51  Zergling x4  
  29  2:56  Baneling  
  28  3:04  Zergling x4  
  27  3:08  Baneling  
Tags
 
Add a new tag
Caveats
  • Supply blocks, unpowered buildings, or Contaminate may cause inaccurate times.
  • Supply counts are checked every 10 seconds.